 Dungeon Crawl Stone Soup version 0.24-a0-475-g5b41c6f198 (webtiles) character file.

Game seed: 4662065730929102003

1367 vurker the Firebug (level 8, -5/54 HPs)
             Began as an Octopode Fire Elementalist on July 5, 2019.
             Slain by an ogre
             ... wielding a +0 giant club
              (21 damage)
             ... on level 6 of the Dungeon.
             The game lasted 00:13:08 (8281 turns).

vurker the Firebug (Octopode Fire Elementalist)     Turns: 8281, Time: 00:13:09

Health: -5/54      AC:  1    Str:  7    XL:     8   Next: 65%
Magic:  12/14      EV: 13    Int: 20    God:
Gold:   111        SH:  0    Dex: 12    Spells: 1/16 levels left

rFire    . . .     SeeInvis .   d - +0 spear
rCold    . . .     Gourm    .   (no shield)
rNeg     . . .     Faith    .   (helmet restricted)
rPois    .         Spirit   .   (no amulet)
rElec    .         Reflect  .   (no ring)
rCorr    .         Harm     .   (no ring)
MR       .....                  (no ring)
Stlth    +++.......             (no ring)
HPRegen  0.18/turn              (no ring)
MPRegen  0.14/turn              (no ring)
                                (no ring)
                                (no ring)

@: about to teleport, very slightly contaminated
A: almost no armour, stealthy swim, amphibious, 8 rings, constrict 8, camouflage
1, gelatinous body 1
a: no special abilities


You were on level 6 of the Dungeon.
You were not hungry.

You visited 1 branch of the dungeon, and saw 6 of its levels.

You collected 189 gold pieces.
You spent 78 gold pieces at shops.

Inventory:

Hand Weapons
 d - a +0 spear (weapon)
   (You found it on level 1 of the Dungeon)
Wands
 a - a wand of polymorph (8)
   (You found it on level 4 of the Dungeon)
 n - a wand of scattershot (6)
   (You found it on level 6 of the Dungeon)
 v - a wand of digging (2)
   (You took it off Jessica on level 2 of the Dungeon)
Scrolls
 g - a scroll of teleportation {@r4}
 i - 2 scrolls of remove curse {@r2}
Potions
 b - 2 potions of haste {@q3}
 c - 6 potions of curing {@q1}
 f - 4 potions of heal wounds {@q2}
 h - a potion of flight
 k - a potion of ambrosia
 m - a potion of lignification {!q}
Comestibles
 e - 8 rations {!d}


   Skills:
 + Level 4.3 Fighting
 - Level 2.0 Dodging
 - Level 2.6 Stealth
 + Level 4.5 Spellcasting
 + Level 4.5 Conjurations
 * Level 7.2 Fire Magic


You had one spell level left.
You knew the following spells:

 Your Spells              Type           Power        Failure   Level  Hunger
a - Flame Tongue          Conj/Fire      ####.        1%          1    None
b - Throw Flame           Conj/Fire      ####..       1%          2    #......
c - Conjure Flame         Conj/Fire      ####....     3%          3    ##.....
q - Sticky Flame          Conj/Fire      ####....     11%         4    ####...
z - Fireball              Conj/Fire      ####......   30%         5    ######.

Your spell library contained the following spells:

 Spells                   Type           Power        Failure   Level  Hunger
 Corona                   Hex            #......      12%         1    None
 Inner Flame              Hex/Fire       ###.....     9%          3    ##.....
 Dazzling Spray           Conj/Hex       ##....       14%         3    ##.....
 Ensorcelled Hibernation  Hex/Ice        #.....       19%         2    #......
 Confuse                  Hex            #.......     36%         3    ##.....
 Tukima's Dance           Hex            #.......     36%         3    ##.....


Dungeon Overview and Level Annotations

Branches:
Dungeon (6/15)
 Temple: D:4-7

Altars:
Makhleb
The Shining One

Shops:
D:6 [*

Annotations:
D:2 1 runed translucent door, Crazy Yiuf


Innate Abilities, Weirdness & Mutations

You cannot wear most types of armour.
You are very stealthy in the water. (Stealth+)
You are amphibious.
You can wear up to eight rings at the same time.
You can use your tentacles to constrict eight enemies at once.
Your skin changes colour to match your surroundings (Stealth+).
Your rubbery body absorbs attacks. (AC +1, EV +1)


Message History

There is an open door here.
There is an entrance to Hoec's Assorted Antiques here.
j - a scroll labeled PYOTTI HEXT;
l - a scroll labeled VOHOITH LOELI
o - a scroll labeled QISOEM GOENEMI Thank you for shopping at Hoec's Assorted Antiques!
As you read the scroll labeled PYOTTI HEXT, it crumbles to dust.
You feel aware of your surroundings.
It was a scroll of magic mapping.
As you read the scroll labeled QISOEM GOENEMI, it crumbles to dust.
You speak a Word of immense power!
It was a scroll of holy word.
As you read the scroll labeled VOHOITH LOELI, it crumbles to dust.
Your body is wracked with pain!
It was a scroll of torment.
You close the door.
You start resting.
You feel less vulnerable to hostile enchantments.
You are feeling very hungry.
You start resting.
You eat one of the 9 rations {!d}.
That ration really hit the spot!
You open the door.
A centaur comes into view.
There is an open door here.
Attack whom?
Aim: a centaur (resting)
You reach to attack!
The helpless centaur fails to defend itself.
You hit the centaur.
The centaur wields a +0 shortbow.
The centaur shoots an arrow.
The arrow hits you.
Attack whom?
Aim: a centaur, wielding a +0 shortbow You reach to attack!
You hit the centaur.
The centaur shoots an arrow.
The arrow closely misses you.
Attack whom?
Aim: a centaur, wielding a +0 shortbow (lightly wounded)
You reach to attack!
You hit the centaur but do no damage.
The centaur shoots an arrow.
The arrow hits you!!
The centaur shoots an arrow.
The arrow hits you!
* * * LOW HITPOINT WARNING * * *
The centaur unwields a +0 shortbow.
The centaur closely misses you.
An ogre comes into view. It is wielding a +0 giant club.
You hit the centaur. The centaur hits you.
* * * LOW HITPOINT WARNING * * *
The centaur hits you.
* * * LOW HITPOINT WARNING * * *
As you read the scroll of teleportation {@r4}, it crumbles to dust.
You feel strangely unstable. The centaur barely misses you.
Aim: a centaur (moderately wounded)
You miscast Throw Flame.
You are very lightly contaminated with residual magic.
Nothing appears to happen.
The centaur misses you.
The ogre hits you with a +0 giant club!!
You die...

..####*********,***,*
..#,,,,,,<,,,,*,* *,*
..#,,,,,,,,**,*,* *,*
..#***,,,,***,*,*##,***********
..# *,**,,,,,*,,.#,,,,,,,,,,,*
..# *,***#######.#**********,*
..# *,,,,,.....#.### *,*
..########***#..cO..# *,*
..........,,##..@...# *,*
.#########*,#..#(#..# *,* .#
*,#..+∩+,.# *,*
.########**,#..#+#..# *,*
.........,,,#......#* *,*
.##############....###*******,*
..§§§§§§§..............,,,,,,,*
.######################********
.# *,,,,,,,,,,,,,,,,,*


You could see an ogre and a centaur.

Vanquished Creatures
  A steam dragon (D:3)
  2 sky beasts
  3 ogres
  A phantom (D:4)
  2 centaurs
  A bullfrog (D:6)
  A scorpion (D:6)
  A hound (D:6)
  2 jellies
  An orc priest (D:4)
  An orc wizard (D:4)
  Jessica (D:2)
  Ijyb (D:5)
  3 worker ants
  Robin (D:1)
  6 adders
  2 gnolls
  3 oozes (D:2)
  2 worms
  2 leopard geckos
  5 orcs
  2 giant cockroaches
  22 goblins
  9 hobgoblins
  6 jackals
  A quokka (D:2)
  2 ball pythons (D:2)
  8 bats
  7 frilled lizards
  A jackal skeleton (D:4)
  11 kobolds
  A leopard gecko skeleton (D:5)
  6 rats
118 creatures vanquished.

Notes
Turn   | Place    | Note
-------+----------+-------------------------------------------
     0 | D:1      | vurker the Octopode Fire Elementalist began the quest for
                  | the Orb.
     0 | D:1      | Reached XP level 1. HP: 11/11 MP: 3/3
   375 | D:1      | Reached XP level 2. HP: 18/18 MP: 3/5
   734 | D:1      | Learned a level 2 spell: Throw Flame
   917 | D:2      | Reached skill level 1 in Fighting
   917 | D:2      | Reached XP level 3. HP: 15/23 MP: 0/6
  1127 | D:2      | Noticed Robin
  1415 | D:1      | Killed Robin
  1528 | D:2      | Reached XP level 4. HP: 25/28 MP: 1/7
  1730 | D:1      | Learned a level 3 spell: Conjure Flame
  1797 | D:2      | Reached skill level 4 in Fire Magic
  2370 | D:2      | Noticed Jessica
  2390 | D:2      | HP: 1/28 [Jessica/nerve-wracking pain (14)]
  2695 | D:2      | Killed Jessica
  2695 | D:2      | Reached XP level 5. HP: 34/34 MP: 3/9
  2777 | D:2      | Found a burning altar of Makhleb.
  2942 | D:2      | Found a runed translucent door.
  2943 | D:2      | Noticed Crazy Yiuf
  3466 | D:3      | Noticed a steam dragon
  3478 | D:3      | Killed a steam dragon
  3478 | D:3      | Reached XP level 6. HP: 4/40 MP: 0/10
  3991 | D:3      | Reached skill level 5 in Fire Magic
  5027 | D:4      | Noticed a phantom
  5047 | D:4      | Killed a phantom
  5047 | D:4      | Reached XP level 7. HP: 45/45 MP: 6/12
  5053 | D:4      | Learned a level 4 spell: Sticky Flame
  5959 | D:5      | Entered Level 5 of the Dungeon
  6018 | D:5      | HP: 1/45 [sky beast (5)]
  6596 | D:5      | Reached skill level 6 in Fire Magic
  6895 | D:5      | Noticed Ijyb
  6931 | D:5      | Killed Ijyb
  6931 | D:5      | Reached XP level 8. HP: 50/52 MP: 1/13
  7368 | D:5      | Learned a level 5 spell: Fireball
  7485 | D:6      | Found Roxa's Armour Boutique.
  7537 | D:6      | Found a glowing golden altar of the Shining One.
  7811 | D:6      | Reached skill level 7 in Fire Magic
  8123 | D:6      | Found Hoec's Assorted Antiques.
  8126 | D:6      | Bought a scroll labeled PYOTTI HEXT for 26 gold pieces
  8126 | D:6      | Bought a scroll labeled VOHOITH LOELI for 26 gold pieces
  8126 | D:6      | Bought a scroll labeled QISOEM GOENEMI for 26 gold pieces
  8281 | D:6      | Slain by an ogre

Levels and vault maps discovered:
D:1:      dpeg_arrival_boxes_within_box, layout_rooms
D:2:      layout_basic, first_ration, hex_large, bloody_makhleb, uniq_robin,
          uniq_crazy_yiuf_cottage, uniq_jessica
D:3:      layout_loops_ring
D:4:      layout_loops_ring, serial_rivers, chequers_serial_rivers_room_a,
          chequers_serial_rivers_micro_e, chequers_serial_rivers_small_3,
          chequers_serial_rivers_marsh, chequers_serial_rivers_micro_e,
          minmay_fractal_squares_gapless_5
D:5:      layout_basic, uniq_ijyb
D:6:      layout_basic, serial_shops, kennysheep_mini_moat, shop, tso_altar,
          uniq_grinder

Skill      XL: |  1  2  3  4  5  6  7  8 |
---------------+-------------------------+-----
Fighting       | 1 2 3 4 |  4.3
Fire Magic     | 4 5 6 7 |  7.2
Conjurations   | 2 3 4 |  4.5
Spellcasting   | 3 4 |  4.5
Dodging        | |  2.0
Stealth        | |  2.6

Action                   |  1- 3 |  4- 6 |  7- 9 || total
-------------------------+-------+-------+-------++-------
Melee: Unarmed           |     6 |       |       ||     6
       Tentacles         |     3 |     7 |     3 ||    13
       Constrict         |     2 |    16 |     7 ||    25
       Spear             |     2 |    87 |    59 ||   148
 Cast: Flame Tongue      |    46 |    61 |    56 ||   163
       Throw Flame       |       |    24 |    29 ||    53
       Conjure Flame     |       |     2 |     4 ||     6
       Sticky Flame      |       |       |     3 ||     3
  Use: Potion            |       |     1 |       ||     1
       Scroll            |       |     4 |    12 ||    16
 Stab: Sleeping          |     1 |    10 |     3 ||    14
  Eat: Chunk             |     2 |    10 |     6 ||    18
       Ration            |       |     1 |     2 ||     3
Armor: Skin              |     5 |     7 |     1 ||    13
Dodge: Dodged            |    20 |    71 |    33 ||   124

Table legend:
 A = Non-vault XP
 B = Vault XP
 C = Vault XP percentage of total XP
 D = Non-vault monster count
 E = Vault monster count
 F = Vault count percentage of total count
                 A         B        C        D         E       F
            +---------+---------+-------+---------+---------+-------
      Total |    1829 |     125 |   6.4 |     101 |      17 |  14.4
            +---------+---------+-------+---------+---------+-------
        D:1 |      35 |      17 |  32.7 |      15 |       2 |  11.8
        D:2 |     109 |      57 |  34.3 |      34 |      12 |  26.1
        D:3 |     209 |       0 |   0.0 |      19 |       0 |   0.0
        D:4 |     280 |      15 |   5.1 |      10 |       2 |  16.7
        D:5 |     459 |      36 |   7.3 |      13 |       1 |   7.1
        D:6 |     737 |       0 |   0.0 |      10 |       0 |   0.0
            +---------+---------+-------+---------+---------+-------
